 Dungeon Crawl Stone Soup version 0.28-a0-1002-gf00fe891ef (webtiles) character file.

Game seed: 16384879850744722860

37 ytrimaz the Insei (level 3, -1/26 HPs)
             Began as an Octopode Chaos Knight on Dec 7, 2021.
             Was a Plaything of Xom.
             Slain by an orc priest (2 damage)
             ... on level 2 of the Dungeon.
             The game lasted 00:01:22 (1332 turns).

ytrimaz the Insei (Octopode Chaos Knight)           Turns: 1332, Time: 00:01:23

Health: -1/26      AC:  1    Str: 11    XL:     3   Next: 39%
Magic:  3/3        EV: 13    Int: 16    God:    Xom [.....*]
Gold:   17         SH:  0    Dex: 11    Spells: 2/2 levels left

rFire   . . .      SeeInvis .     - Unarmed
rCold   . . .      Faith    .   (no shield)
rNeg    . . .      Spirit   .   (helmet restricted)
rPois   +          Reflect  .   (no amulet)
rElec   .          Harm     .   a - ring of poison resistance
rCorr   .          Rampage  .   (no ring)
Will    .....                   (no ring)
Stlth   +++.......              (no ring)
HPRegen 0.08/turn               (no ring)
MPRegen 0.08/turn               (no ring)
                                (no ring)
                                (no ring)

@: no status effects
A: almost no armour, amphibious, 8 rings, camouflage 1, gelatinous body 1,
(nimble swimmer 1), tentacles, poison resistance, noise suppression
a: Renounce Religion


You were on level 2 of the Dungeon.
You worshipped Xom.
You were Xom's teddy bear.
You visited 1 branch of the dungeon, and saw 2 of its levels.

You collected 17 gold pieces.

Inventory:

Jewellery
 a - a ring of poison resistance (left tentacle)


   Skills:
 + Level 3.3 Fighting
 + Level 2.5 Dodging
 * Level 2.1 Stealth
 + Level 3.5 Unarmed Combat


You had 2 spell levels left.
You didn't know any spells.
Your spell library was empty.

Dungeon Overview and Level Annotations

Branches:
Dungeon (2/15)

Altars:


Innate Abilities, Weirdness & Mutations

You cannot wear most types of armour.
You are amphibious.
You can wear up to eight rings at the same time.
Your skin changes colour to match your surroundings (Stealth+).
Your rubbery body absorbs attacks. (AC +1, EV +1)
((You are camouflaged near water. (Stealth+)))
You have tentacles for arms and can constrict up to eight enemies at once.
Your system is resistant to poisons. (rPois)
You passively dampen the noise of your surroundings.


Message History

"Let me alter your pitiful body."
Your body is suffused with distortional energy.
You feel resistant to poisons.
You feel your surroundings grow quieter.
You start resting.
HP restored.
You climb downwards.
The orc priest hits you with a +0 dagger.
The orc priest invokes the aid of Beogh against you.
Beogh smites you!
Ouch! That really hurt!
* * * LOW HITPOINT WARNING * * *
There is a stone staircase leading up, spattered with blood here.
You tentacle-slap the orc priest. You grab the orc priest.
You squeeze the orc priest, but do no damage.
The orc priest is lightly wounded.
You constrict the orc priest.
The orc priest hits you with a +0 dagger.
* * * LOW HITPOINT WARNING * * *
You tentacle-slap the orc priest but do no damage.
Your squeeze misses the orc priest.
The orc priest is lightly wounded.
You constrict the orc priest. The orc priest misses you.
Unknown command.
You tentacle-slap the orc priest.
The orc priest is moderately wounded.
You constrict the orc priest, but do no damage.
You tentacle-slap the orc priest but do no damage.
The orc priest is moderately wounded.
You constrict the orc priest, but do no damage.
Xom smiles on you.
The orc priest's +0 dagger dances into the air!
The orc priest barely misses you.
Unknown command.
Unknown command.
You tentacle-slap the orc priest but do no damage.
The orc priest is moderately wounded.
You constrict the orc priest. The orc priest hits you.
You die...
Xom yawns loudly!

#..............)...#...
#......#.......[.......
#......#..........#....
#....(.#......)...#....
#......#......(........
#<..†).........#....
#...###..........##...
....# #..o.(.....# #..
### #.@......>.# ##
#..........#
#..........#
############


You could see an orc priest (ally target) and a friendly +0 dagger.

Vanquished Creatures
  2 dart slugs (D:1)
  4 orcs (D:2)
  2 endoplasms (D:1)
  2 hobgoblins (D:1)
  2 jackals (D:2)
  A quokka (D:2)
  5 ball pythons (D:1)
  2 bats (D:1)
  2 goblins
  3 kobolds (D:1)
  5 rats (D:1)
30 creatures vanquished.

Notes
Turn   | Place    | Note
-------+----------+-------------------------------------------
     0 | D:1      | ytrimaz the Octopode Chaos Knight began the quest for the
                  | Orb.
     0 | D:1      | Reached XP level 1. HP: 16/16 MP: 1/1
   201 | D:1      | XOM: silly message
   285 | D:1      | XOM: silly message
   303 | D:1      | Reached XP level 2. HP: 21/21 MP: 2/2
   347 | D:1      | Reached skill level 1 in Stealth
   403 | D:1      | XOM: divination: detect creatures
   409 | D:1      | XOM: silly message
   443 | D:1      | XOM: 2-stop teleportation journey
   662 | D:1      | Found a faded altar of an unknown god.
  1140 | D:2      | Reached XP level 3. HP: 24/26 MP: 3/3
  1202 | D:2      | XOM: confuse monster(s)
  1237 | D:1      | XOM: give mutations
  1237 | D:1      | Gained mutation: Your system is resistant to poisons.
                  | (rPois) [Xom's grace]
  1237 | D:1      | Gained mutation: You passively dampen the noise of your
                  | surroundings. [Xom's grace]
  1328 | D:2      | HP: 1/26 [orc priest (5)]
  1332 | D:2      | Slain by an orc priest

Illustrated notes

Levels and vault maps discovered:
D:1:      arrival_zaba_pyramid, layout_basic, ebering_ecumenical_altar_box
D:2:      layout_rooms, basic_altar, minmay_misc_feat_secret_circle,
          st_stairs_6, feat_on_display

Skill      XL: |  1  2  3 |
---------------+----------+-----
Stealth        | 1 2 |  2.1
Fighting       | |  3.3
Dodging        | |  2.5
Unarmed Combat | |  3.5

Action                   || total
-------------------------++-------
Melee: Unarmed           ||    58
       Constrict         ||    17
       Tentacles         ||     7
  Use: Potion            ||     2
       Scroll            ||     1
 Stab: Sleeping          ||     4
Armor: Skin              ||     2
Dodge: Dodged            ||    33

Table legend: (Time is in decaauts)
 A = Elapsed time spent in this place.
 B = Non-inter-level travel time spent in this place.
 C = Inter-level travel time spent in this place.
 D = Time resting spent in this place.
 E = Time spent auto-exploring this place.
 F = Levels seen in this place.
 G = Mean time per level.
                   A        B        C        D        E       F      G
               +--------+--------+--------+--------+--------+-----+--------+
         Total |   1328 |   1317 |     11 |    120 |    990 |   2 |  664.0 |
       Dungeon |   1328 |   1317 |     11 |    120 |    990 |   2 |  664.0 |
               +--------+--------+--------+--------+--------+-----+--------+

Top non-repeatable levels by time:
     D:1: 1245 daAuts
     D:2: 82 daAuts
